 Dungeon Crawl Stone Soup version 0.29-a0-82-g837932c90e (webtiles) character file.

Game seed: 6280408554983936569

187 lordive the Sneak (level 5, -3/25 HPs)
             Began as a Spriggan Enchanter on Feb 5, 2022.
             Slain by Grinder (8 damage)
             ... while paralysed by Grinder
             ... on level 3 of the Dungeon.
             The game lasted 00:05:55 (3845 turns).

lordive the Sneak (Spriggan Enchanter)              Turns: 3845, Time: 00:05:56

Health: -3/25      AC:  2    Str:  4    XL:     5   Next: 39%
Magic:  10/10      EV:  4    Int: 19    God:
Gold:   57         SH:  0    Dex: 15    Spells: 8/10 levels left

rFire   . . .      SeeInvis +   a - +1 dagger
rCold   . . .      Faith    .   (no shield)
rNeg    . . .      Spirit   .   b - +0 robe
rPois   .          Reflect  .   (helmet restricted)
rElec   .          Harm     .   (no cloak)
rCorr   .          Rampage  .   (gloves unavailable)
Will    .....                   (boots unavailable)
Stlth   +++.......              (no amulet)
HPRegen 0.08/turn               m - ring of flight
MPRegen 0.12/turn               (no ring)

@: paralysed, flying, very quick
A: very small, no large weapons, unfitting armour, see invisible, speed 3
a: no special abilities


You were on level 3 of the Dungeon.
You visited 1 branch of the dungeon, and saw 3 of its levels.

You collected 57 gold pieces.

Inventory:

Hand Weapons
 a - a +1 dagger (weapon)
 i - a +0 dagger of venom
 k - a +2 falchion of holy wrath
Armour
 b - a +0 robe (worn)
Jewellery
 m - a ring of flight (left hand)
Wands
 j - a wand of digging (5)
Scrolls
 g - a scroll of blinking {unknown}
 h - a scroll of identify {unknown}
 n - a scroll of noise {unknown}
Potions
 c - 2 potions of invisibility
 d - a potion of haste {unknown}
 e - 3 potions of curing {unknown}
 f - a potion of resistance {unknown}
 l - a potion of brilliance {unknown}


   Skills:
 * Level 1.1 Fighting
 * Level 1.8 Short Blades
 * Level 1.2 Armour
 * Level 3.4 Dodging
 + Level 5.7 Stealth
 + Level 3.1 Spellcasting
 * Level 4.6 Hexes
 + Level 1.0 Ice Magic


You had 8 spell levels left.
You knew the following spells:

 Your Spells              Type           Power      Damage    Failure   Level
a - Ensorcelled Hibernat  Hex/Ice        26%        N/A       7%          2

Your spell library contained the following spells:

 Spells                   Type           Power      Damage    Failure   Level
 Confusing Touch          Hex            20%        N/A       7%          3
 Tukima's Dance           Hex            20%        N/A       7%          3
 Dazzling Flash           Conj/Hex       22%        N/A       17%         3


Dungeon Overview and Level Annotations

Branches:
Dungeon (3/15)

Altars:

Annotations:
D:3 Grinder


Innate Abilities, Weirdness & Mutations

You are very small and have problems with some larger weapons.
You are too small for most types of armour.
You have supernaturally acute eyesight. (SInv)
You cover ground extremely quickly. (Speed+++)


Message History

You feel sick.
You feel sick.
You feel sick.
You are no longer poisoned.
You hear the slow rusting of a very distant drain.
Magic restored.
You hear the slow rusting of a very distant drain.
You hear the rusting of a very distant drain.
Key pressed, stopping explore.
You hear the rusting of a very distant drain.
HP restored.
There is a stone staircase leading up here.
A kobold comes into view. It is wielding a +0 whip.
A kobold is nearby!
The kobold closely misses you.
The kobold looks drowsy...
The helpless kobold fails to defend itself.
You impale the kobold!!
You kill the kobold!
Things that are here:
a +0 whip; 4 stones; a kobold corpse You now have 57 gold pieces (gained 7).
e - 3 red potions (gained 1)
You hear the brisk rusting of a drain nearby.
Found a stone staircase leading up.
Found a chain mail.
Found an escape hatch in the ceiling.
A frilled lizard comes into view.
The helpless frilled lizard fails to defend itself.
You impale the frilled lizard!!
You kill the frilled lizard!
Grinder comes into view.
Grinder shouts!
Grinder gestures at you.
You suddenly lose the ability to move!
Grinder hits you! Grinder hits you.
You writhe in agony.
* * * LOW HITPOINT WARNING * * *
Grinder hits you!
You die...

#.# .. #<# .# #.
#.###.# . #.#
#.....###... ...
..........# #.#
####..###.# #.#
#..# #.# # #..#
#.####.###.#
####..#
#.......@5.#
<.....#
######.#####
...###########.#
#..............#
.#.#############
#.## ###


You could see Grinder.

Vanquished Creatures
  A scorpion (D:2)
  Terence (D:2)
  Robin (D:2)
  3 adders
  2 worms (D:2)
  A dart slug (D:2)
  4 endoplasms
  14 goblins
  4 hobgoblins
  5 jackals
  3 quokkas
  6 ball pythons
  3 bats (D:1)
  4 frilled lizards
  2 kobolds
  5 rats
59 creatures vanquished.

Notes
Turn   | Place    | Note
-------+----------+-------------------------------------------
     0 | D:1      | lordive the Spriggan Enchanter began the quest for the Orb.
     0 | D:1      | Reached XP level 1. HP: 9/9 MP: 5/5
   863 | D:1      | Reached XP level 2. HP: 13/13 MP: 6/6
   866 | D:1      | Learned a level 2 spell: Ensorcelled Hibernation
  1294 | D:2      | Noticed Robin
  1768 | D:1      | Reached skill level 5 in Stealth
  1829 | D:2      | Killed Robin
  1830 | D:2      | Reached XP level 3. HP: 17/17 MP: 2/8
  2015 | D:2      | Noticed a scorpion
  2479 | D:2      | Noticed Terence
  2489 | D:2      | Killed Terence
  2490 | D:2      | Reached skill level 1 in Armour
  2490 | D:2      | Reached XP level 4. HP: 21/21 MP: 4/9
  2602 | D:2      | Killed a scorpion
  2603 | D:2      | Reached skill level 1 in Fighting
  2868 | D:2      | Reached XP level 5. HP: 16/25 MP: 5/10
  3506 | D:3      | Reached skill level 1 in Ice Magic
  3840 | D:3      | Noticed Grinder
  3842 | D:3      | Paralysed by Grinder for 5 turns
  3845 | D:3      | Slain by Grinder

Illustrated notes

Levels and vault maps discovered:
D:1:      dpeg_arrival_rooms_c, layout_basic, feat_on_display
D:2:      minmay_skewed_foursquare, layout_rooms,
          hangedman_abyss_or_decor_lesser_grid, uniq_robin, uniq_terence
D:3:      layout_loops_ring, gup_sewer_entry_bubbles, kennysheep_nondescript,
          uniq_grinder

Skill      XL: |  1  2  3  4  5 |
---------------+----------------+-----
Hexes          | 4 |  4.6
Stealth        | 5 |  5.7
Armour         | 1 |  1.2
Dodging        | 3 |  3.4
Fighting       | 1 |  1.1
Spellcasting   | 3 |  3.1
Ice Magic      | 1 |  1.0
Short Blades   | |  1.8

Action                   |  1- 3 |  4- 6 || total
-------------------------+-------+-------++-------
Melee: Dagger            |    76 |    46 ||   122
       Punch             |     1 |       ||     1
 Cast: Ensorcelled Hiber |    28 |    26 ||    54
 Stab: Sleeping          |    26 |    19 ||    45
       Distracted        |       |     1 ||     1
Armor: Robe              |    12 |     2 ||    14
Dodge: Dodged            |    71 |    50 ||   121

Table legend: (Time is in decaauts)
 A = Elapsed time spent in this place.
 B = Non-inter-level travel time spent in this place.
 C = Inter-level travel time spent in this place.
 D = Time resting spent in this place.
 E = Time spent auto-exploring this place.
 F = Levels seen in this place.
 G = Mean time per level.
                   A        B        C        D        E       F      G
               +--------+--------+--------+--------+--------+-----+--------+
         Total |   3253 |   3172 |     81 |   1177 |   1468 |   3 | 1084.3 |
       Dungeon |   3253 |   3172 |     81 |   1177 |   1468 |   3 | 1084.3 |
               +--------+--------+--------+--------+--------+-----+--------+

Top non-repeatable levels by time:
     D:1: 1917 daAuts
     D:2: 1033 daAuts
     D:3: 302 daAuts
